[Event "*** Titled Tuesday Blitz"]
[Site "Chess.com"]
[Date "2020.11.03"]
[Round "3"]
[White "ssrija97"]
[Black "DinaBelenkaya"]
[Result "1-0"]
[WhiteElo "2201"]
[BlackElo "2343"]
[TimeControl "180+1"]
[EndTime "10:30:32 PST"]
[Termination "ssrija97 won by checkmate"]

1. e4 d5 2. exd5 Qxd5 3. Nc3 Qa5 4. d4 Nf6 5. Nf3 c6 6. Bc4 Bf5 7. Ne5 e6 8. Bd2 Qb6 9. Qe2 Qxd4 10. O-O-O Nbd7 11. Nf3 Qb6 12. Be3 Bc5 13. Na4 Bxe3+ 14. fxe3 Qa5 15. Bb3 O-O-O 16. h3 h5 17. Ng5 Ne5 18.
e4 Bg6 19. h4 Qb4 20. Qe3 Kb8 21. Qf4 Ng4 22. Nf3 Qxe4 23. Qxe4 Bxe4 24. Nxe5 Bxg2 25. Nxf7 Bxh1 26. Nxd8 Bd5 27. Nxe6 Ne3 28. Re1 Ng2 29. Rg1 Nxh4 30. Rxg7 Nf5 31. Rf7 Nd6 32. Rd7 Nc4 33.
Nac5 Bxe6 34. Nxe6 Rg8 35. Bxc4 Rg1+ 36. Kd2 Rg2+ 37. Kc3 Rg3+ 38. Bd3 h4 39. Rd8# 1-0

[Event "*** Titled Tuesday Blitz"]
[Site "Chess.com"]
[Date "2020.11.03"]
[Round "3"]
[White "mishanick"]
[Black "Mazetovic"]
[Result "1-0"]
[WhiteElo "3023"]
[BlackElo "2751"]
[TimeControl "180+1"]
[EndTime "10:30:34 PST"]
[Termination "mishanick won by resignation"]

1. d4 Nf6 2. c4 g6 3. Nc3 Bg7 4. e4 d6 5. Be2 Na6 6. Be3 O-O 7.
Nf3 e5 8. d5 Ng4 9. Bg5 f6 10.
Bh4 c5 11. Nd2 Nh6 12. f3 Nf7 13. a3 h5 14. Rb1 Bh6 15. Bf2 b6 16. b4 Bd7 17.
Nb5 f5 18. Bd3 Bxd2+ 19. Qxd2 f4 20. h4 Kh7 21. g3 Qf6 22. Be2 Kg7 23. Rg1 Kh7 24. Kd1 Nh6 25. Qc3 Qe7 26. Kd2 Nf7 27. Qc2 Qf6 28. Ke1 Rg8 29. Qd2 Rg7 30. Kd1 Rgg8 31.
Kc2 Rg7 32. Kb3 Rgg8 33. Rg2 Rg7 34. Rbg1 Rgg8 35. Rb1 Rg7 36. Qc3 Qe7 37. Rbg1 Rgg8 38. Be1 Nh8 39. Bd2 Rgf8 40. gxf4 exf4 41. Rg5 Bxb5 42.
cxb5 Nc7 43. Bd3 Nf7 44. Rxg6 Ne5 45. R6g5 Kh6 46. Be2 Rf6 47. Qc1 Qf7 48. Bxf4 Rxf4 49. Rf5 Ng6 50. Rxf7 1-0

[Event "*** Titled Tuesday Blitz"]
[Site "Chess.com"]
[Date "2020.11.03"]
[Round "3"]
[White "tsaruk_maks"]
[Black "1stSecond"]
[Result "0-1"]
[WhiteElo "2567"]
[BlackElo "2767"]
[TimeControl "180+1"]
[EndTime "10:30:34 PST"]
[Termination "1stSecond won on time"]

1. e4 c5 2. Nf3 a6 3. c4 Nc6 4. d4 cxd4 5. Nxd4 e6 6. Nc3 Nf6 7. a3 d5 8. exd5 exd5 9. Nxc6 bxc6 10. Be2 Be6 11. O-O Be7 12. cxd5 cxd5 13. Be3 O-O 14. Bd4 Qb8 15. b4 Rd8 16. Bf3 Qb7 17. Qd3 a5 18. b5 a4 19. Rfb1 Nd7 20. Qe3 Bf8 21. Bd1 Bf5 22.
Rb2 Re8 23. Qd2 Nc5 24. Bxc5 Bxc5 25. Nxa4 Bd6 26. Nc3 d4 27. Ne2 d3 28. Ng3 Qe7 29.
Bf3 Rxa3 30. Rxa3 Bxa3 31. Ra2 Bb4 32. Qxb4 Qxb4 0-1

[Event "*** Titled Tuesday Blitz"]
[Site "Chess.com"]
[Date "2020.11.03"]
[Round "3"]
[White "BegmuratovKh2010"]
[Black "Sharpchess22"]
[Result "0-1"]
[WhiteElo "2457"]
[BlackElo "2832"]
[TimeControl "180+1"]
[EndTime "10:30:34 PST"]
[Termination "Sharpchess22 won by resignation"]

1. d4 Nf6 2. c4 e6 3. Nf3 d5 4. e3 b6 5. Nc3 Bb7 6. Bd2 Bd6 7.
Bd3 a6 8. O-O Nbd7 9. a3 O-O 10.
Re1 dxc4 11. Bxc4 c5 12. Qe2 b5 13. Bd3 Qb6 14. dxc5 Nxc5 15. e4 Nxd3 16. Qxd3 Ng4 17. Qe2 Bc5 18. Rf1 Rad8 19. b4 Be7 20. h3 Nf6 21. e5 Bxf3 22. gxf3 Nd7 23. f4 Nb8 24. Be3 Qb7 25. f3 Nc6 26. Rfd1 Qc7 27. Ne4 a5 28.
Qxb5 axb4 29. axb4 Nxb4 30. Rxd8 Qxd8 31. Nd6 Nd5 32. Bc5 Nxf4 33. Bb6 Qb8 34. Qc6 Nd5 35. Rb1 Bd8 36. Nc4 Bxb6+ 37. Nxb6 Qxe5 38. Nxd5 Qg3+ 39. Kf1 Qxf3+ 40. Kg1 Qg3+ 41. Kf1 Qxh3+ 42. Ke2 Qg2+ 43. Kd3 Qxd5+ 44. Qxd5 exd5 45. Kd4 Rd8 46. Rb7 h5 47. Rb2 g6 48. Rh2 Kg7 49. Rh3 Kh6 50. Rh1 0-1

[Event "*** Titled Tuesday Blitz"]
[Site "Chess.com"]
[Date "2020.11.03"]
[Round "3"]
[White "Sokoloco"]
[Black "Deepweb2020"]
[Result "1-0"]
[WhiteElo "2452"]
[BlackElo "2242"]
[TimeControl "180+1"]
[EndTime "10:30:34 PST"]
[Termination "Sokoloco won on time"]

1. b3 e5 2. Bb2 Nc6 3. e3 d5 4. Bb5 f6 5. Nf3 Bd6 6. O-O Ne7 7. c4 a6 8. Bxc6+ bxc6 9. d4 e4 10. Nfd2 Nf5 11. Ba3 O-O 12. Bxd6 Qxd6 13. Nc3 Be6 14. Qe2 Qe7 15. f3 exf3 16. Rxf3 Nd6 17. c5 Nf7 18. Rf4 Rfe8 19. Re1 Bd7 20. e4 dxe4 21. Ndxe4 Qf8 22. d5 f5 23. dxc6 Bxc6 24. Rxf5 Kh8 25. Ref1 Re7 26. Qf3 Kg8 27. Qf4 Rae8 28. Ng5 h6 29. Nxf7 1-0

[Event "*** Titled Tuesday Blitz"]
[Site "Chess.com"]
[Date "2020.11.03"]
[Round "3"]
[White "shaheus"]
[Black "Bastiandash"]
[Result "1-0"]
[WhiteElo "2141"]
[BlackElo "2337"]
[TimeControl "180+1"]
[EndTime "10:30:34 PST"]
[Termination "shaheus won by resignation"]

1. e4 c6 2. Nf3 d5 3. Nc3 dxe4 4. Nxe4 Nf6 5. Qe2 Nxe4 6. Qxe4 Nd7 7. Bc4 Nf6 8. Ne5 e6 9. Qe2 Qc7 10. O-O a6 11. a4 c5 12. d3 Bd6 13. Re1 b6 14.
Bd2 Bxe5 15. Qxe5 Qxe5 16. Rxe5 Bb7 17. f3 Kd7 18. Kf2 Bc6 19. a5 b5 20. Bb3 Bd5 21. c4 bxc4 22. dxc4 Rab8 23. Ra3 Ba8 24. Rxc5 Ke7 25.
Rc7+ Nd7 26. Ba4 Rhd8 27. Bc3 f6 28. Ra7 Bb7 29. Ra1 Kf7 30. Rd1 Nc5 31. Rxd8 Rxd8 32. Bc2 Kg8 33. Ke3 Bc6 34. Rc7 Rd6 35. Bb4 1-0

[Event "*** Titled Tuesday Blitz"]
[Site "Chess.com"]
[Date "2020.11.03"]
[Round "3"]
[White "Airquake"]
[Black "pedroholly22"]
[Result "1-0"]
[WhiteElo "2607"]
[BlackElo "2383"]
[TimeControl "180+1"]
[EndTime "10:30:35 PST"]
[Termination "Airquake won by resignation"]

1. g3 Nf6 2. Bg2 d5 3. Nf3 g6 4. O-O Bg7 5. d3 O-O 6. Re1 b6 7. Nbd2 Bb7 8. c3 c5 9. Qc2 Na6 10. e4 dxe4 11. Nxe4 Nxe4 12. dxe4 Nc7 13. Bf4 Ne6 14. Rad1 Qe8 15. Be5 f6 16. Qb3 Qf7 17. Bh3 c4 18. Qxc4 Nc5 19. Qxf7+ Kxf7 20. Bd4 Nxe4 21.
Nd2 Nxd2 22. Be6+ Ke8 23. Rxd2 Rd8 24. Rde2 Rd6 25. f4 Kd8 26. Bb3 Rd7 27. Ba4 Rc7 28. Bf2 e5 29. Be3 Kc8 30. Rf2 e4 31. f5 g5 32. h4 h6 33. hxg5 fxg5 34. g4 Be5 35. Kg2 Bf4 36. Bb3 Bxe3 37. Be6+ Kd8 38. Rxe3 Rf6 39. Kg3 Ke7 40. Rd2 Bc6 41. Re1 a5 42.
Red1 Rf8 43. Rh2 Rf6 44. Kf2 Bd7 45. Bxd7 Rxd7 46. Rxd7+ Kxd7 47. Ke3 Kc6 48. Kxe4 Kd6 49. Rd2+ Kc6 50. Ke5 Rf8 51. f6 1-0

[Event "*** Titled Tuesday Blitz"]
[Site "Chess.com"]
[Date "2020.11.03"]
[Round "3"]
[White "AquivaRubinstein"]
[Black "ZverevLev"]
[Result "1-0"]
[WhiteElo "2504"]
[BlackElo "2248"]
[TimeControl "180+1"]
[EndTime "10:30:35 PST"]
[Termination "AquivaRubinstein won by resignation"]

1. e4 c5 2. Nf3 d6 3. d4 cxd4 4.
Nxd4 Nf6 5. Nc3 a6 6. Bg5 Nbd7 7.
Qe2 Qc7 8. O-O-O b5 9. Nd5 Nxd5 10. exd5 Bb7 11. Nf5 Ne5 12. Kb1 Rc8 13. h4 g6 14.
Ne3 Bg7 15. f4 Nd7 16. Nf5 Bf6 17. Nxe7 Qxc2+ 18. Qxc2 Rxc2 19. Kxc2 Kxe7 20. Be2 Rc8+ 21. Kb1 Kf8 22. Bf3 Bg7 23. h5 h6 24. Bh4 Nc5 25.
Rhe1 Na4 26. Re7 Ba8 27. hxg6 fxg6 28. Re6 Nxb2 29. Rde1 Nd3 30. Rd1 Nxf4 31. Rxd6 g5 32. Bf2 Be5 33. Rxh6 Kg7 34. Rxa6 Bb7 35. Ra7 Rb8 36. d6 1-0

[Event "*** Titled Tuesday Blitz"]
[Site "Chess.com"]
[Date "2020.11.03"]
[Round "3"]
[White "anpospan"]
[Black "GjakanTati"]
[Result "0-1"]
[WhiteElo "2393"]
[BlackElo "2617"]
[TimeControl "180+1"]
[EndTime "10:30:36 PST"]
[Termination "GjakanTati won on time"]

1. Nf3 Nf6 2. g3 d5 3. Bg2 g6 4. O-O Bg7 5. d4 O-O 6. Bf4 Nbd7 7. Ne5 c5 8. c3 Qb6 9. Qb3 e6 10. Nxd7 Bxd7 11. Qxb6 axb6 12. Be5 Bb5 13. Re1 Bc4 14. a3 Nd7 15. Bxg7 Kxg7 16. Nd2 cxd4 17. Nxc4 dxc4 18. cxd4 Ra7 19. Rac1 b5 20. e4 Rc8 21. f4 Ra6 22. g4 Rb6 23. Re2 b4 24. Rec2 c3 25. bxc3 bxa3 26.
e5 Rb3 27. Kf2 b5 28. Ke2 Nb6 29. f5 gxf5 30. gxf5 Na4 31. Kd2 Rb2 32. f6+ Kh6 33. Be4 Rxc3 34. Rxb2 Rxc1 35. Kxc1 Nxb2 36. d5 Nc4 37. d6 a2 0-1

[Event "*** Titled Tuesday Blitz"]
[Site "Chess.com"]
[Date "2020.11.03"]
[Round "3"]
[White "Na_binci"]
[Black "ClydeHillKid"]
[Result "0-1"]
[WhiteElo "2146"]
[BlackElo "2354"]
[TimeControl "180+1"]
[EndTime "10:30:36 PST"]
[Termination "ClydeHillKid won by resignation"]

1. d4 d5 2. e3 Nf6 3. Bd3 Nbd7 4.
f4 c5 5. c3 g6 6. Nf3 Bg7 7.
O-O O-O 8. Ne5 Qc7 9. Nd2 a6 10. Ndf3 b5 11. Nxd7 Bxd7 12. Ne5 Bf5 13. Bxf5 gxf5 14.
Bd2 e6 15. Be1 Ne4 16. Bh4 Bxe5 17. fxe5 h6 18. Qh5 Kh7 19. Rf3 Rg8 20. Rh3 Rg6 21. Rf1 Rag8 22. g3 cxd4 23. exd4 Qc4 24. Qd1 Qxa2 25. Qc1 Qc4 26. Be7 Qd3 27. Rf4 Nd2 28.
Rf2 Nf3+ 29. Kg2 Ng5 30. Bxg5 Rxg5 31. Rf4 R8g6 32. Rfh4 Qe2+ 33. Kg1 h5 34. Rxh5+ Rxh5 35. Rxh5+ Qxh5 0-1

[Event "*** Titled Tuesday Blitz"]
[Site "Chess.com"]
[Date "2020.11.03"]
[Round "3"]
[White "RobertoJBM"]
[Black "redbaron8888"]
[Result "0-1"]
[WhiteElo "2799"]
[BlackElo "2540"]
[TimeControl "180+1"]
[EndTime "10:30:37 PST"]
[Termination "redbaron8888 won by resignation"]

1. d4 Nf6 2. c4 e6 3. Nc3 Bb4 4. Qc2 b6 5. a3 Bxc3+ 6. Qxc3 Bb7 7. Bg5 h6 8. Bh4 d6 9. f3 Nbd7 10. e3 c5 11. Rd1 Qe7 12. Ne2 Rd8 13. Qb3 e5 14. d5 g5 15. Bf2 e4 16. Ng3 exf3 17. gxf3 Ne5 18. Be2 h5 19. h4 gxh4 20. Rxh4 Bc8 21.
Nf1 Ng6 22. Rh1 h4 23. Qc3 Qe5 24. Qxe5+ dxe5 25. a4 e4 26. f4 Bg4 27. Nd2 Bxe2 28. Kxe2 Kd7 29. Rdg1 Rh5 30. Rh3 a6 31. Rg5 Rdh8 32.
Rxh5 Nxh5 33. Rh2 f5 34. Nf1 Nf6 35. Rh3 b5 36. axb5 axb5 37. cxb5 Nxd5 38. Be1 Ndxf4+ 39. exf4 Nxf4+ 40. Ke3 Nxh3 41. Bc3 Rh6 42. Nh2 Ng5 43.
Be5 Ne6 44. b3 h3 45. Kf2 Rg6 46. Nf1 Rg2+ 47. Ke1 f4 48. Nd2 h2 0-1

[Event "*** Titled Tuesday Blitz"]
[Site "Chess.com"]
[Date "2020.11.03"]
[Round "3"]
[White "Rud_Makarian"]
[Black "lolo9292"]
[Result "0-1"]
[WhiteElo "2770"]
[BlackElo "2457"]
[TimeControl "180+1"]
[EndTime "10:30:37 PST"]
[Termination "lolo9292 won by resignation"]

1. d4 Nf6 2. c4 g6 3. Nc3 Bg7 4.
e4 d6 5. Be2 O-O 6. Be3 Na6 7. Nf3 e5 8. d5 Ng4 9. Bg5 f6 10. Bc1 f5 11. Bg5 Bf6 12. h4 h6 13.
Bxf6 Qxf6 14. h5 Nc5 15. Nd2 Nxf2 16. Kxf2 fxe4+ 17. Bf3 exf3 18. g3 Nd3+ 19. Kf1 Nc5 20. Nde4 Nxe4 21. Nxe4 Qf5 22. Qd3 g5 23. Kf2 Bd7 24.
Rac1 b6 25. Qe3 a5 26. b3 Rf7 27. a3 Raf8 28. Rce1 Qh7 29. Rd1 Bf5 30. Rhe1 Re7 31. Ra1 Qf7 32. Rh1 Bg4 33. b4 axb4 34. axb4 b5 35. c5 Qxd5 36. Rad1 Qc4 37. cxd6 Qe2+ 38. Qxe2 fxe2+ 39. Ke3 exd1=N+ 40. Rxd1 cxd6 41. Rxd6 Rf3+ 42. Ke2 Rf6+ 43. Ke3 Rxd6 44. Nxd6 Rd7 45. Nxb5 Rb7 46. Nc3 Rxb4 47. Nd5 Rb3+ 48. Ke4 Bf3+ 49.
Kf5 Bxd5 50. g4 Rf3+ 51. Kg6 Rf6+ 52. Kxf6 Kh7 53. Kxe5 Bf3 54. Kf5 Be2 0-1

[Event "*** Titled Tuesday Blitz"]
[Site "Chess.com"]
[Date "2020.11.03"]
[Round "3"]
[White "sjam6687"]
[Black "Brave_spirit12"]
[Result "1-0"]
[WhiteElo "2714"]
[BlackElo "2496"]
[TimeControl "180+1"]
[EndTime "10:30:38 PST"]
[Termination "sjam6687 won by resignation"]

1. d4 Nf6 2. c4 e6 3. Nf3 d5 4.
Nc3 Be7 5. cxd5 exd5 6. Bf4 O-O 7. e3 c6 8. Bd3 Re8 9. O-O Bg4 10. h3 Bh5 11. g4 Bg6 12. Bxg6 hxg6 13. Ne5 Nbd7 14. Kg2 Nxe5 15. Bxe5 Bd6 16. f4 Ne4 17. Nxe4 dxe4 18. Qb3 b6 19. Rac1 Qd7 20. Qc4 c5 21. Rfd1 Bxe5 22.
dxe5 Qc6 23. Rd6 Qb7 24. Rcd1 Re7 25. e6 fxe6 26. Rxe6 Kh7 27. Rxe7 Qxe7 28. Qd5 Rf8 29. Kg3 g5 30. f5 Qc7+ 31. Qd6 Qf7 32. Rd5 Re8 33.
Qd7 Re7 34. Qd8 Re8 35. Qd6 Re7 36. h4 gxh4+ 37. Kxh4 Qf6+ 38. g5 Qf8 39. Qg6+ Kh8 40. Qh5+ Kg8 41. g6 Qf6+ 42. Kg3 Re8 43. Qh7+ Kf8 44.
Rd7 Qg5+ 45. Kh2 Qh6+ 46. Qxh6 gxh6 47. f6 Rc8 48. Rh7 1-0

[Event "*** Titled Tuesday Blitz"]
[Site "Chess.com"]
[Date "2020.11.03"]
[Round "3"]
[White "Vyacheslav_N"]
[Black "xberli"]
[Result "0-1"]
[WhiteElo "2322"]
[BlackElo "2550"]
[TimeControl "180+1"]
[EndTime "10:30:38 PST"]
[Termination "xberli won on time"]

1. e4 c5 2. Nf3 d6 3. d4 cxd4 4. Nxd4 Nf6 5. f3 e5 6. Nb3 Be7 7. c4 O-O 8. Nc3 a5 9. a4 Nc6 10. Be3 Nb4 11. Qd2 Nh5 12. Nd5 Nxd5 13. cxd5 Nf4 14.
g3 Nh3 15. Bd3 h6 16. Qg2 Bg5 17. Bxg5 hxg5 18. Nd2 g4 19. fxg4 Bxg4 20. Nc4 Ng5 21. Be2 Bh3 22. Qf2 Nxe4 23. Qe3 Nc5 24. g4 Bg2 25.
Rg1 Bxd5 26. g5 Ne6 27. Rd1 Nd4 28. Rxd4 exd4 29. Qxd4 Bxc4 30. Bxc4 Qe7+ 31. Kd1 Qe5 32. Qh4 g6 33. Rg3 Rfe8 34. Rh3 Qg7 35. Rf3 d5 0-1

[Event "*** Titled Tuesday Blitz"]
[Site "Chess.com"]
[Date "2020.11.03"]
[Round "3"]
[White "Chessdreamer2020"]
[Black "WoolworthsManly"]
[Result "0-1"]
[WhiteElo "2482"]
[BlackElo "2655"]
[TimeControl "180+1"]
[EndTime "10:30:39 PST"]
[Termination "WoolworthsManly won on time"]

1. e4 e6 2. d4 d5 3. Nd2 Nc6 4.
Ngf3 Nf6 5. e5 Nd7 6. Bd3 f6 7. Ng5 Ndxe5 8. dxe5 fxg5 9. Qh5+ g6 10. Bxg6+ Kd7 11.
O-O Nxe5 12. Bd3 Bd6 13. Nf3 Nxf3+ 14. Qxf3 c6 15. Qh5 h6 16. f4 gxf4 17. Bxf4 Bxf4 18. Rxf4 Qg5 19. Rf7+ Kd6 20. Qf3 Bd7 21. c4 Rad8 22.
cxd5 exd5 23. Re1 Rhe8 24. Rxe8 Rxe8 25. Bf1 Qe3+ 26. Qxe3 Rxe3 27. Rh7 Re6 28. g4 Rf6 29. h3 c5 30. Kg2 c4 31. Be2 b5 32. h4 d4 33. g5 hxg5 34. hxg5 Rf5 35. Rxd7+ Ke5 36. Re7+ Kf4 37. Rg7 d3 38. Bd1 Ke3 39. g6 Rf2+ 40. Kg3 Rf1 41. Bg4 d2 42. Re7+ Kd3 43.
Rd7+ Kc2 44. g7 Rg1+ 45. Kf4 Rf1+ 46. Kg5 c3 47. g8=Q Kc1 48. Qb3 c2 49. Bf5 Rxf5+ 0-1

[Event "*** Titled Tuesday Blitz"]
[Site "Chess.com"]
[Date "2020.11.03"]
[Round "3"]
[White "MatyChess1"]
[Black "Agoking701"]
[Result "1-0"]
[WhiteElo "2581"]
[BlackElo "2365"]
[TimeControl "180+1"]
[EndTime "10:30:39 PST"]
[Termination "MatyChess1 won by resignation"]

1. e4 c6 2. Nf3 d5 3. Nc3 Nf6 4. e5 Ne4 5. Nxe4 dxe4 6. Ng5 Qd5 7. d4 exd3 8. Qxd3 Qxe5+ 9. Be2 e6 10. Qd8+ Kxd8 11.
Nxf7+ Ke8 12. Nxe5 Nd7 13. Bf4 Bd6 14. Nd3 Bxf4 15.
Nxf4 Nf6 16. O-O-O Nd5 17. Nd3 Rf8 18. Rhe1 Bd7 19. Bg4 Rf6 20. f3 Ke7 21. Nc5 b6 22. Nxd7 Kxd7 23. c4 Kd6 24. cxd5 cxd5 25. f4 Rc8+ 26.
Kb1 Rc4 27. g3 Rh6 28. Rd2 g5 29. Rde2 Kc5 30. fxg5 Rg6 31. Rc1 Rxc1+ 32. Kxc1 Kd6 33. h4 h6 34. Rxe6+ Rxe6 35. Bxe6 Kxe6 36. gxh6 Kf6 37. g4 Kg6 38. g5 a5 39. Kd2 a4 40. a3 1-0

[Event "*** Titled Tuesday Blitz"]
[Site "Chess.com"]
[Date "2020.11.03"]
[Round "3"]
[White "novocane"]
[Black "maximnovik"]
[Result "0-1"]
[WhiteElo "2302"]
[BlackElo "2530"]
[TimeControl "180+1"]
[EndTime "10:30:39 PST"]
[Termination "maximnovik won on time"]

1. d4 Nf6 2. c4 g6 3. Nc3 d5 4. cxd5 Nxd5 5. e4 Nxc3 6. bxc3 Bg7 7. Qa4+ Nd7 8. Nf3 O-O 9. Be3 c5 10. Rd1 Qc7 11. Qa3 e5 12. d5 f5 13. d6 Qd8 14.
Bc4+ Kh8 15. Ng5 f4 16. Ne6 Qf6 17. Bxc5 f3 18. g3 Nxc5 19. Nxc5 Bh3 20. Bf1 Bg2 21. Rg1 Rf7 22. Bxg2 fxg2 23. Qb2 b6 24. Nd3 Qxd6 25. Nf4 Qc5 26. Nd5 Raf8 27. Rxg2 h5 28. h4 Bh6 29. Qe2 Rf3 30. Rd3 Rxd3 31. Qxd3 Qa3 32. Qc2 Qc5 33. Kf1 b5 34. Kg1 a5 35. Kh2 b4 36.
Qd3 Rxf2 37. cxb4 axb4 0-1

[Event "*** Titled Tuesday Blitz"]
[Site "Chess.com"]
[Date "2020.11.03"]
[Round "3"]
[White "DishonorOnYourCow"]
[Black "Iball95"]
[Result "1-0"]
[WhiteElo "2406"]
[BlackElo "2595"]
[TimeControl "180+1"]
[EndTime "10:30:40 PST"]
[Termination "DishonorOnYourCow won by resignation"]

1. d4 e6 2. c4 Nf6 3. Nf3 d5 4. Nc3 Bb4 5. Bg5 h6 6. Bxf6 Qxf6 7. e3 O-O 8. Rc1 a6 9. cxd5 exd5 10. a3 Bxc3+ 11.
Rxc3 Nc6 12. Be2 Bg4 13. O-O Qd6 14. h3 Bxf3 15. Bxf3 Ne7 16. Qb3 Rab8 17. Rfc1 c6 18. g3 Rfe8 19. Bg2 Nf5 20. Qb6 h5 21. b4 Qe7 22. a4 Nd6 23. Qc5 Rbd8 24. a5 h4 25.
g4 Qg5 26. Re1 Qg6 27. Qb6 Rd7 28. f3 Rde7 29. Qc5 Nb5 30. Rb3 Qf6 31. Rd3 Qg6 32.
e4 f6 33. Rde3 Qf7 34. Bf1 dxe4 35. Bc4 Re6 36. Rxe4 Nc7 37. Bxe6 Nxe6 38. Qd6 Nc7 39. Rxe8+ Nxe8 40. Qd8 Kf8 41. Kg2 f5 42. g5 f4 43. Kf2 Qg6 44. Qe7+ Kg8 45. Qxe8+ 1-0

[Event "*** Titled Tuesday Blitz"]
[Site "Chess.com"]
[Date "2020.11.03"]
[Round "3"]
[White "LisikValera"]
[Black "BikingBrian"]
[Result "1-0"]
[WhiteElo "2521"]
[BlackElo "2279"]
[TimeControl "180+1"]
[EndTime "10:30:41 PST"]
[Termination "LisikValera won by resignation"]

1. d4 Nf6 2. c4 g6 3. Nc3 Bg7 4. e4 d6 5. Nf3 O-O 6. Be2 Na6 7. Bg5 h6 8. Bh4 g5 9. Bg3 Nh5 10. O-O e5 11. d5 Nf4 12. Ne1 f5 13. exf5 Bxf5 14.
Bg4 Qd7 15. Bxf5 Qxf5 16. f3 h5 17. Qc2 Qxc2 18. Nxc2 Nc5 19. Rab1 a5 20. Bf2 b6 21. Bxc5 bxc5 22. Ne4 g4 23. fxg4 hxg4 24. Ne3 Ne2+ 25. Kh1 g3 26. Nxg3 Nxg3+ 27. hxg3 Bh6 28. Ng4 Bg5 29.
Kg1 e4 30. Rxf8+ Rxf8 31. Re1 Re8 32. Kf2 Kg7 33. Ke2 Kg6 34. Nf2 e3 35. Nd3 Kf5 36. Rh1 Kg4 37. Rh7 Re7 38. Rxe7 Bxe7 39. Kxe3 Kxg3 40.
Ke4 Kxg2 41. Nf4+ Kf2 42. Ne6 Ke2 43. Nxc7 Kd2 44. Kf5 Kc2 45. Ke6 Bh4 46. Kxd6 Kxb2 47. Kxc5 Kxa2 48. Kc6 Kb3 49. c5 a4 50. Nb5 a3 51. Nxa3 Kxa3 52. Kb5 Kb3 53. d6 Bg3 54. d7 Bc7 55. Kc6 Bd8 56. Kd6 Kc4 57. c6 Kb5 58. c7 1-0

[Event "*** Titled Tuesday Blitz"]
[Site "Chess.com"]
[Date "2020.11.03"]
[Round "3"]
[White "Kaliopa"]
[Black "MFBerna"]
[Result "0-1"]
[WhiteElo "2209"]
[BlackElo "2419"]
[TimeControl "180+1"]
[EndTime "10:30:41 PST"]
[Termination "MFBerna won on time"]

1. d4 d5 2. c4 c6 3. Nc3 Nf6 4.
e3 e6 5. Nf3 Nbd7 6. Bd3 Bd6 7.
O-O O-O 8. e4 dxc4 9. Bxc4 e5 10. Bg5 h6 11. Bh4 Qe7 12. Re1 Re8 13. Qd2 Nb6 14. Bb3 exd4 15. Qxd4 Bc5 16. Qd2 g5 17. Bg3 Nh5 18. e5 Bf5 19. Ne4 Bxe4 20. Rxe4 Rad8 21. Qe2 Nd5 22. Re1 Kg7 23. Rg4 Ndf4 24. Bxf4 Nxf4 25.
Qe4 Nd3 26. Rf1 f6 27. exf6+ Qxf6 28. Qc4 b5 29. Qc2 Qxb2 30. Qb1 Qxb1 0-1

[Event "*** Titled Tuesday Blitz"]
[Site "Chess.com"]
[Date "2020.11.03"]
[Round "3"]
[White "picturesquecheck"]
[Black "Chuchofrio1"]
[Result "0-1"]
[WhiteElo "2123"]
[BlackElo "2352"]
[TimeControl "180+1"]
[EndTime "10:30:41 PST"]
[Termination "Chuchofrio1 won by resignation"]

1. e4 e5 2. Nf3 Nc6 3. Bb5 a6 4. Ba4 Nf6 5. O-O Be7 6. Re1 b5 7. Bb3 O-O 8. a4 b4 9. h3 a5 10.
d4 d6 11. c4 exd4 12. Nxd4 Nxd4 13. Qxd4 Be6 14. Be3 Qd7 15. Nd2 Bxh3 16. gxh3 Qxh3 17. Bf4 Ng4 18. Nf1 Bh4 19. Bd1 Bxf2+ 20. Qxf2 Nxf2 21.
Kxf2 f5 22. e5 Qh4+ 23. Bg3 Qd4+ 24. Kg2 Qxb2+ 25. Be2 f4 26. Bf2 Qxe5 27. Nh2 Qg5+ 28. Kh1 Rf6 29. Bf3 Raf8 30. Rg1 Qh6 31. Rg2 Rg6 32.
Rag1 Rxg2 33. Rxg2 b3 34. Bd4 Rf6 35. Bd5+ Kf8 36. Kg1 Rg6 37. c5 Rxg2+ 38. Kxg2 dxc5 39. Bxc5+ Ke8 40. Ng4 Qh4 41. Be6 Qg3+ 42. Kf1 Qd3+ 43. Kf2 Qc2+ 44. Kf3 Qxc5 0-1

[Event "*** Titled Tuesday Blitz"]
[Site "Chess.com"]
[Date "2020.11.03"]
[Round "3"]
[White "AniJak"]
[Black "MYMChessAcademy"]
[Result "1-0"]
[WhiteElo "2322"]
[BlackElo "2069"]
[TimeControl "180+1"]
[EndTime "10:30:41 PST"]
[Termination "AniJak won by checkmate"]

1. e4 c5 2. Nc3 d6 3. g3 e6 4. Bg2 a6 5. a4 b6 6. Nge2 Bb7 7. d4 cxd4 8. Nxd4 Nd7 9. O-O Qc7 10.
Be3 Ngf6 11. Nb3 Be7 12. f4 O-O 13. Qe2 Rfe8 14. g4 d5 15. exd5 exd5 16. Nd4 Bc5 17. Rad1 Re7 18. Qf3 Rae8 19. Bf2 Ne4 20. Nxe4 dxe4 21.
Qe3 Nf6 22. b4 Bd6 23. Nf5 Re6 24. h3 Bxf4 25. Qe2 e3 26. Bh4 Bg3 27. Bxg3 Qxg3 28. Nxg3 Bxg2 29. Kxg2 Ne4 30. Nxe4 Rxe4 31. Rd7 R4e7 32.
Rxe7 Rxe7 33. Rf3 f6 34. Rxe3 Kf7 35. Rxe7+ Kg6 36. Qe4+ Kh6 37. g5+ Kxg5 38. Qg4+ Kh6 39. Qxg7+ Kh5 40. Qxh7+ Kg5 41. Qg7+ Kf5 42. Qg4# 1-0

[Event "*** Titled Tuesday Blitz"]
[Site "Chess.com"]
[Date "2020.11.03"]
[Round "3"]
[White "chito89"]
[Black "PlotnikovPavel"]
[Result "1-0"]
[WhiteElo "2781"]
[BlackElo "2452"]
[TimeControl "180+1"]
[EndTime "10:30:42 PST"]
[Termination "chito89 won by checkmate"]

1. d4 Nf6 2. c4 g6 3. Nc3 Bg7 4. e4 d6 5. Be2 O-O 6. Bg5 c5 7.
d5 h6 8. Bf4 Qa5 9. Qd2 Kh7 10.
Nf3 a6 11. O-O b5 12. e5 Nh5 13. exd6 Nxf4 14. dxe7 Nh3+ 15. gxh3 Re8 16. d6 Bd7 17. Nd5 Qxd2 18. Nxd2 Nc6 19. Nb6 Ra7 20. Rfe1 Bxb2 21. Ne4 Bd4 22. Rad1 Kg7 23. cxb5 axb5 24. Bxb5 Ne5 25.
Nxd7 Nxd7 26. a4 f5 27. Nd2 Bc3 28. Nc4 Bxe1 29. Rxe1 Kf6 30. f4 g5 31. Ne5 Nxe5 32.
fxe5+ Kf7 33. e6+ Kf6 34. Bxe8 c4 35. Bb5 Rxe7 36. dxe7 Kxe7 37. Bxc4 h5 38. Kg2 g4 39.
Kg3 gxh3 40. Kh4 f4 41. Kxh3 f3 42. Kg3 f2 43. Kxf2 h4 44. Kg2 h3+ 45. Kxh3 Kd8 46. Kg3 Ke8 47. h4 Ke7 48. h5 Kf8 49. h6 Kg8 50. a5 Kh7 51. a6 Kxh6 52. a7 Kg7 53.
a8=Q Kf6 54. e7 Kg6 55. e8=Q+ Kh6 56. Qac6+ Kg5 57. Re5# 1-0

[Event "*** Titled Tuesday Blitz"]
[Site "Chess.com"]
[Date "2020.11.03"]
[Round "3"]
[White "starworld123"]
[Black "fyall777"]
[Result "0-1"]
[WhiteElo "2665"]
[BlackElo "2444"]
[TimeControl "180+1"]
[EndTime "10:30:43 PST"]
[Termination "fyall777 won by resignation"]

1. Nf3 Nf6 2. d3 g6 3. Nbd2 Bg7 4. g3 O-O 5. Bg2 b5 6. O-O Bb7 7. e4 c5 8. a4 a6 9. Re1 d6 10. c3 Nbd7 11. Qc2 Qc7 12. b3 Rfc8 13. Bb2 Nb6 14. a5 Nbd7 15. c4 e6 16. Nb1 Bc6 17. Nbd2 e5 18. Bc3 Nf8 19. Nf1 Ne6 20. Ne3 Nd4 21. Qb2 Rab8 22. Bxd4 cxd4 23. Nd5 Qb7 24. Nb6 Rc7 25. Rec1 Nd7 26. Nxd7 Bxd7 27. Qa3 Bf8 28. Qa2 bxc4 29. bxc4 Qb3 30. Qe2 Bh6 31. Rd1 Rcb7 32. c5 Qe6 33. cxd6 Qxd6 34. Nd2 Be6 35. Nc4 Bxc4 36. dxc4 Rb2 37. Qd3 R8b3 38. Qf1 Qc5 39. Rab1 Rxb1 40. Rxb1 Rxb1 41. Qxb1 Qxc4 42. Qb8+ Bf8 43.
Qxe5 d3 44. Qd5 Qc1+ 45. Bf1 d2 46. Kg2 d1=Q 0-1

[Event "*** Titled Tuesday Blitz"]
[Site "Chess.com"]
[Date "2020.11.03"]
[Round "3"]
[White "Dr-Bassem"]
[Black "Kavyev_Ruslan"]
[Result "1-0"]
[WhiteElo "2802"]
[BlackElo "2510"]
[TimeControl "180+1"]
[EndTime "10:30:44 PST"]
[Termination "Dr-Bassem won by resignation"]

1. e4 c5 2. Nf3 d6 3. g3 g6 4. Bg2 Bg7 5. O-O Nc6 6. c3 e5 7.
d3 Nge7 8. a3 O-O 9. b4 b6 10.
Nbd2 h6 11. Bb2 Kh7 12. Nc4 Be6 13. b5 Nb8 14. a4 a5 15. Ne3 Nd7 16. d4 d5 17.
exd5 Nxd5 18. Nxd5 Bxd5 19. Ng5+ Qxg5 20. Bxd5 Rad8 21.
dxc5 Nxc5 22. c4 Ne6 23. Re1 Nd4 24. f4 exf4 25. Bxd4 fxg3 26. Bxg7 gxh2+ 27. Kh1 Kxg7 28. Qd4+ Kh7 29. Rf1 f6 30. Rae1 Rd7 31. Qxb6 Rfd8 32. Qd4 f5 33. b6 h5 34. Qf4 Qf6 35. b7 Qb6 36. Rb1 Qc5 37. b8=Q Rxb8 38. Rxb8 Rxd5 39. cxd5 Qxd5+ 40. Qf3 1-0